 Dungeon Crawl Stone Soup version 0.17-a0-1481-gfdcec5c (webtiles) character file.

4145 rnawigator the Tainter (level 10, -15/56 HPs)
             Began as an Octopode Venom Mage on July 4, 2015.
             Demolished by a cyan ugly thing (17 damage)
             ... on level 8 of the Dungeon.
             The game lasted 00:43:51 (8173 turns).

rnawigator the Tainter (Octopode Venom Mage)        Turns: 8173, Time: 00:43:51

Health: -15/56     AC:  2    Str:  8    XL:     10   Next: 27%
Magic:  12/22      EV: 16    Int: 20    God:
Gold:   341        SH:  0    Dex: 13    Spells: 5 memorised, 10 levels left

rFire  . . .     SeeInvis .     a - +2 short sword (venom)
rCold  . . .     Clarity  .     (no shield)
rNeg   . . .     SustAt   .     D - +1 hat
rPois  .         Gourm    .     c - amulet of rage
rElec  .         Spirit   .     k - +3 ring of slaying
rCorr  .         Warding  .     r - +2 ring of evasion
rMut   .         Stasis   .     (no ring)
MR     .....                    (no ring)
Stlth  ++++......               (no ring)
                                (no ring)
                                (no ring)
                                (no ring)

@: not resistant to hostile enchantments, stealthy
A: almost no armour, amphibious, 8 rings, constrict 8, camouflage 1, gelatinous
body 1
a: Evoke Berserk Rage


You were on level 8 of the Dungeon.
You were hungry.

You visited 2 branches of the dungeon, and saw 9 of its levels.
You also visited: Sewer.

You collected 341 gold pieces.

Inventory:

Hand weapons
 a - a +2 short sword of venom (weapon)
 j - a +2 falchion of slicing
 F - a +0 whip of freezing
Armour
 D - a +1 hat (worn)
Magical staves
 y - an uncursed staff of energy
 H - an uncursed staff of air
Jewellery
 c - an amulet of rage (around mantle)
 e - an uncursed amulet of guardian spirit
 k - a +3 ring of slaying (left tentacle)
 r - a +2 ring of evasion (right tentacle)
Magical devices
 f - a wand of teleportation (4)
 q - a wand of disintegration (17)
 v - a wand of heal wounds (3)
 x - a wand of draining (6)
Scrolls
 g - 7 scrolls of remove curse
 h - 2 scrolls of teleportation
 m - 2 scrolls of recharging
 B - a scroll of magic mapping
 C - a scroll of fog
Potions
 d - a potion of lignification
 p - 2 potions of flight
 s - 2 potions of brilliance
 t - a potion of ambrosia
 u - 3 potions of haste
 z - 3 potions of heal wounds {unknown}
 A - 2 potions of magic {unknown}
 E - 2 potions of cure mutation {unknown}
 I - a potion of poison {unknown}
Books
 w - a Young Poisoner's Handbook

   Spells                             Type                      Level
   a - Sting                          Conjuration/Poison           1
   b - Cure Poison                    Poison                       2
   c - Mephitic Cloud                 Conjuration/Poison/Air       3
   d - Olgreb's Toxic Radiance        Poison                       4
   e - Venom Bolt                     Conjuration/Poison           5
Comestibles
 b - 7 bread rations
 i - 5 meat rations
 l - 3 slices of pizza
 n - 3 beef jerkies
 o - 5 chunks of flesh


   Skills:
 - Level 5.0 Dodging
 - Level 5.0 Stealth
 * Level 8.4 Spellcasting
 + Level 5.8 Conjurations
 + Level 9.9 Poison Magic
 + Level 4.1 Evocations


You had 10 spell levels left.
You knew the following spells:

 Your Spells              Type           Power        Failure   Level  Hunger
a - Sting                 Conj/Pois      ####         1%          1    None
b - Cure Poison           Pois           #####.....   1%          2    None
c - Mephitic Cloud        Conj/Pois/Air  ####....     3%          3    None
d - Olgreb's Toxic Radia  Pois           #####...     1%          4    ###....
e - Venom Bolt            Conj/Pois      #####.....   12%         5    #####..


Dungeon Overview and Level Annotations

Branches:
Dungeon (8/15)             Temple (1/1) D:4
   Lair: D:8-11

Altars:
Ashenzari
Cheibriados
Dithmenos
Elyvilon
Fedhas
Gozag
Makhleb
Nemelex Xobeh
Okawaru
Qazlal
Sif Muna
Trog
Xom
Yredelemnul
Zin

Shops:
D:4 :   D:5 (


Innate Abilities, Weirdness & Mutations

You cannot wear most types of armour.
You are amphibious.
You can wear up to eight rings at the same time.
You can use your tentacles to constrict eight enemies at once.
Your skin changes colour to match your surroundings (Stealth).
Your rubbery body absorbs attacks (AC +1).


Message History

Evoking this partially-identified wand wasted a few charges.
The cyan ugly thing barely misses you.
Casting: Sting
Confirm with . or Enter, or press ? or * to list all spells.
Aiming: Venom Bolt
Press: ? - help, Shift-Dir - straight line, f - cyan ugly thing
Aim: a cyan ugly thing (moderately wounded)
The bolt of poison hits the cyan ugly thing.
The cyan ugly thing is severely wounded.
The cyan ugly thing kicks you! The cyan ugly thing shocks you!
* * * LOW HITPOINT WARNING * * *
Casting: Venom Bolt
Confirm with . or Enter, or press ? or * to list all spells.
Aiming: Venom Bolt
Press: ? - help, Shift-Dir - straight line, f/p - cyan ugly thing
Aim: a cyan ugly thing (severely wounded)
The bolt of poison misses the cyan ugly thing.
You are feeling hungry.
The cyan ugly thing kicks you!
You die...

#..### #....##..## ##.##.#.#
.....# # #....##.##
#..##.#.# ##.....
..###....#..#####.###.#.#
#####.###..).......###....#
#.#.# ..# #..#
##.....>.###.#### #...# #.#
##.######.....###..# ##..##
#.###..[.........##...##
#...#
......#....##.....#.###
#.#.# #.########.##..u@....#
#.#.# #.### #.######....#
##.#.## #...## #.# #....#
#..#.## .##..# #.# #.####
#.##... . ##.## #.## ###.#
#.##... . #..# #..###...##
####....## . ##.#
##.##..#..#####....#..## #
#.#####.##.###.##....##.#..#
#...##............###......#


You could see a cyan ugly thing.

Vanquished Creatures
  Pikel (D:7)
  Grinder (D:4)
  2 hungry ghosts
  An orc warrior (D:6)
  Duvessa (D:6)
  Purgy (Sewer)
  3 ice beasts
  2 sky beasts
  3 ogres
  A big kobold (D:6)
  2 centaurs
  4 giant frogs
  5 scorpions
  Dowan (D:6)
  5 wights (D:6)
  2 crimson imps
  5 jellies
  2 hounds
  Crazy Yiuf (D:4)
  5 orc priests
  Ijyb (D:3)
  2 orc wizards
  8 worker ants
  A centaur skeleton (D:7)
  3 giant frog skeletons
  2 iguanas
  A hound zombie (D:8)
  2 hound skeletons
  9 gnolls
  11 adders
  3 shadow imps
  2 adder skeletons (D:8)
  5 worms
  9 giant geckos
  16 orcs
  12 bats
  A bat skeleton (D:6)
  6 giant cockroaches
  13 hobgoblins
  3 jackals (D:2)
  2 quokkas
  3 ball pythons (Sewer)
  8 giant newts
  14 goblins
  24 kobolds
  A quokka skeleton (D:8)
  A quokka zombie (D:5)
  11 rats
  A spectral orc (D:3)
223 creatures vanquished.

Vanquished Creatures (others)
  A sky beast (D:7)
1 creature vanquished.

Grand Total: 224 creatures vanquished

Notes
Turn   | Place    | Note
--------------------------------------------------------------
     0 | D:1      | rnawigator the Octopode Venom Mage began the quest for the Orb.
     0 | D:1      | Reached XP level 1. HP: 11/11 MP: 3/3
   123 | D:1      | Reached skill level 5 in Poison Magic
   154 | D:1      | Reached XP level 2. HP: 17/17 MP: 3/5
   159 | D:1      | Learned a level 2 spell: Cure Poison
   602 | D:1      | Reached XP level 3. HP: 21/21 MP: 3/6
   607 | D:1      | Learned a level 3 spell: Mephitic Cloud
  1385 | D:2      | Reached XP level 4. HP: 25/27 MP: 2/8
  2212 | D:3      | Noticed Ijyb
  2247 | D:3      | Killed Ijyb
  2247 | D:3      | Reached skill level 6 in Poison Magic
  2247 | D:3      | Reached XP level 5. HP: 31/31 MP: 7/9
  2253 | D:3      | Learned a level 4 spell: Olgreb's Toxic Radiance
  2549 | D:3      | Reached XP level 6. HP: 36/36 MP: 6/11
  2600 | D:3      | Found a basalt altar of Yredelemnul.
  2698 | D:3      | Found a glowing silver altar of Zin.
  2699 | D:3      | Found an opulent altar of Gozag.
  2908 | D:4      | Found Zuixkuss's Book Shop.
  3137 | D:4      | Noticed Grinder
  3159 | D:4      | Found a sand-covered staircase.
  3172 | D:4      | Reached skill level 5 in Stealth
  3201 | D:4      | Reached XP level 7. HP: 21/41 MP: 11/13
  3208 | D:4      | Reached skill level 7 in Poison Magic
  3267 | D:4      | Found a glowing drain.
  3286 | Sewer    | Entered a sewer
  3558 | Sewer    | Noticed Purgy
  3608 | Sewer    | Killed Purgy
  3608 | Sewer    | Reached skill level 1 in Conjurations
  3769 | D:4      | Killed Grinder
  3887 | D:4      | Found a staircase to the Ecumenical Temple.
  3896 | Temple   | Entered the Ecumenical Temple
  4079 | D:4      | Reached XP level 8. HP: 40/46 MP: 13/15
  4176 | D:4      | Noticed Crazy Yiuf
  4186 | D:4      | Killed Crazy Yiuf
  4255 | D:4      | Reached skill level 5 in Spellcasting
  4281 | D:5      | Entered Level 5 of the Dungeon
  4281 | D:5      | Found Lyonaajo's Weapon Boutique.
  4688 | D:5      | Reached skill level 8 in Poison Magic
  5201 | D:6      | Reached skill level 5 in Dodging
  5256 | D:6      | Reached XP level 9. HP: 51/51 MP: 18/18
  5380 | D:6      | Reached skill level 1 in Evocations
  5501 | D:6      | Learned a level 5 spell: Venom Bolt
  5582 | D:6      | Noticed Dowan
  5586 | D:6      | Killed Dowan
  5600 | D:6      | Noticed Duvessa
  5616 | D:6      | Killed Duvessa
  5885 | D:6      | Reached skill level 9 in Poison Magic
  6920 | D:7      | Reached skill level 5 in Conjurations
  7331 | D:7      | Noticed Pikel
  7343 | D:7      | Killed Pikel
  7343 | D:7      | Reached XP level 10. HP: 56/56 MP: 10/22
  8138 | D:8      | Noticed a cyan ugly thing
  8171 | D:8      | HP: 2/56 [cyan ugly thing (16)]
  8173 | D:8      | Demolished by a cyan ugly thing

Vault maps used:
D:1:      minmay_arrival_doors, hangedman_feature_mirror
D:3:      grunt_temple_overflow_gold_and_silver,
          yredelemnul_forgotten_temple_becter, uniq_iyjb
D:4:      minmay_temple_entry_poolview, enter_ossuary_1, first_bread,
          serial_shops, shop, portal_sewer_entry_f, minmay_unequal,
          uniq_grinder, uniq_crazy_yiuf_cottage
D:5:      serial_shops, nicolae_shop_stone
D:6:      serial_bayou_pond_a, uniq_duvessa
D:7:      minmay_misc_feat_nine_boxes, uniq_pikel
D:8:      nicolae_ru_sacrificial_ziggurat
Temple:   eino_narrow_crystal_temple_b_12
Sewer:    sewer_co_purgy_island

Action                   |  1- 3 |  4- 6 |  7- 9 | 10-12 || total
-------------------------+-------+-------+-------+-------++-------
Melee: Unarmed           |    19 |       |       |       ||    19
       Dagger            |     4 |    25 |       |       ||    29
       Short sword       |       |    44 |   206 |    34 ||   284
       Falchion          |       |       |    10 |     6 ||    16
 Cast: Sting             |    64 |    94 |    93 |    21 ||   272
       Cure Poison       |       |     4 |     9 |       ||    13
       Mephitic Cloud    |       |       |    15 |     2 ||    17
       Olgreb's Toxic Ra |       |       |     5 |       ||     5
       Venom Bolt        |       |       |       |     2 ||     2
Evoke: Wand              |       |       |     7 |     2 ||     9
  Use: Potion            |     1 |       |     2 |       ||     3
       Scroll            |       |     9 |     9 |     5 ||    23
 Stab: Sleeping          |     1 |     2 |    20 |     4 ||    27
       Confused          |       |       |     2 |       ||     2
       Distracted        |       |       |     2 |       ||     2
  Eat: Chunk             |     2 |     6 |    13 |     4 ||    25
       Fruit             |       |       |     5 |       ||     5
